 Dungeon Crawl Stone Soup version 0.29.0-4-gdea44cf6ec (webtiles) character file.

Game seed: 12904477194717199496

686 RevDB the Conjurer (level 7, 0/59 HPs)
             Began as a Purple Draconian Conjurer on Aug 26, 2022.
             Was an Initiate of the Shining One.
             Slain by a gnoll
             ... wielding a +1 spear of venom
              (1 damage)
             ... on level 5 of the Dungeon.
             The game lasted 00:22:50 (4396 turns).

RevDB the Conjurer (Purple Draconian Conjurer)      Turns: 4396, Time: 00:22:51

Health: 0/59       AC:  7    Str: 10    XL:     7   Next: 35%
Magic:  4/14       EV: 12    Int: 20    God:    the Shining One [......]
Gold:   296        SH:  0    Dex: 15    Spells: 12/15 levels left

rFire   . . .      SeeInvis .   e - +0 whip
rCold   . . .      Faith    .   (no shield)
rNeg    . . .      Spirit   .   (body armour unavailable)
rPois   .          Reflect  .   (helmet restricted)
rElec   .          Harm     .   j - +0 cloak
rCorr   .          Rampage  .   (no gloves)
Will    +....                   (no boots)
Stlth   +.........              (no amulet)
HPRegen 0.19/turn               f - +6 ring of dexterity
MPRegen 0.14/turn               (no ring)

@: lethally poisoned (0 -> -36), glowing
A: breathe power, AC +6, unfitting armour, cold-blooded
a: Breathe Dispelling Energy, Renounce Religion


You were on level 5 of the Dungeon.
You worshipped the Shining One.
The Shining One was noncommittal.
You visited 1 branch of the dungeon, and saw 5 of its levels.

You collected 296 gold pieces.

Inventory:

Hand Weapons
 e - a +0 whip (weapon)
Armour
 j - a +0 cloak (worn)
Jewellery
 f - a +6 ring of dexterity (left hand)
Scrolls
 b - a scroll of teleportation {unknown}
 d - a scroll of magic mapping {unknown}
 g - 2 scrolls of fear {unknown}
 h - a scroll of brand weapon {unknown}
 k - a scroll of identify {unknown}
 l - a scroll of noise {unknown}
 n - a scroll of poison {unknown}
 p - a scroll of amnesia {unknown}
 q - a scroll of enchant armour {unknown}
Potions
 a - 3 potions of magic
 c - 3 potions of curing {unknown}
 i - a potion of flight {unknown}
 m - a potion of heal wounds {unknown}
 o - a potion of degeneration {unknown}
 r - a potion of attraction {unknown}
 s - a potion of haste {unknown}
 t - a potion of resistance


   Skills:
 - Level 4.0 Fighting
 - Level 1.7 Dodging
 - Level 1.7 Stealth
 - Level 4.9 Spellcasting
 - Level 5.9 Conjurations
 + Level 1.1 Hexes
 - Level 3.3 Translocations


You had 12 spell levels left.
You knew the following spells:

 Your Spells              Type           Power      Damage    Failure   Level
a - Magic Dart            Conj           100%       1d8       1%          1
b - Searing Ray           Conj           56%        2d6       1%          2

Your spell library contained the following spells:

 Spells                   Type           Power      Damage    Failure   Level
 Dazzling Flash           Conj/Hex       38%        N/A       9%          3
 Iskenderun's Mystic Bla  Conj/Tloc      23%        2d6       17%         4
 Fulminant Prism          Conj/Hex       9%         3d7       26%         4
 Iskenderun's Battlesphe  Conj           28%        2d8       28%         5
 Iron Shot                Conj/Erth      8%         9d3       99%         6
 Spellforged Servitor     Conj/Summ      8%         N/A       100%        7


Dungeon Overview and Level Annotations

Branches:
Dungeon (5/15)
 Temple: D:4-7

Altars:
Ashenzari
The Shining One


Innate Abilities, Weirdness & Mutations

You can breathe bolts of dispelling energy.
Your rich purple scales are hard. (AC +6)
You cannot fit into any form of body armour.
You are cold-blooded and may be slowed by cold attacks.


Message History

The gnoll barely misses you.
You hit the adder.
The adder is moderately wounded.
You feel sick. The adder bites you but does no damage.
The gnoll barely misses you.
You hit the adder. You tail-slap the adder.
The adder is severely wounded.
You feel sick. The adder bites you but does no damage.
The gnoll closely misses you. The adder closely misses you.
You hit the adder but do no damage.
The adder is severely wounded.
You feel sick. The adder bites you but does no damage.
The gnoll closely misses you.
You hit the adder.
You kill the adder!
You feel sick.
The gnoll hits you with a +1 spear of venom.
You are more poisoned.
Your Hexes skill increases to level 1!
You hit the gnoll. You tail-slap the gnoll.
The gnoll is severely wounded.
You feel very sick.
The gnoll hits you with a +1 spear of venom!
You are lethally poisoned!
You hit the gnoll.
The gnoll is almost dead.
You feel extremely sick.
The gnoll hits you with a +1 spear of venom.
You are more poisoned.
The gnoll hits you with a +1 spear of venom!
* * * LOW HITPOINT WARNING * * *
You are more poisoned.
You are too injured to fight recklessly!
You are too injured to fight recklessly!
You closely miss the gnoll.
The gnoll is almost dead.
* * * LOW HITPOINT WARNING * * *
You feel extremely sick.
The gnoll hits you with a +1 spear of venom.
You die...

#.########...(
###.##....##....
#...##....##....
#.#.......##.... .
#)#......###.... ...
#)#......# #....
....#####)#......# #....
###..............###.###
......g@#...............
........#..####..###†###
........#.........<.....
........#...............
........#.#.########.>##
........#.#.# ##.#
........#>#.# .#
........+ .# .#


You could see a gnoll.

Vanquished Creatures
  Sigmund (D:5)
  A phantom (D:4)
  A necrophage (D:4)
  A gnoll bouda (D:4)
  An orc priest (D:3)
  An iguana (D:4)
  Natasha (twice) (D:2)
  4 adders
  12 gnolls
  A white imp (D:4)
  4 dart slugs
  6 orcs
  8 bats
  6 endoplasms
  2 giant cockroaches (D:4)
  7 goblins
  10 hobgoblins
  2 jackals (D:4)
  7 quokkas
  8 ball pythons
  6 frilled lizards
  2 goblin zombies (D:4)
  4 hobgoblin zombies (D:4)
  5 kobolds
  A kobold skeleton (D:4)
  A kobold zombie (D:4)
  An orc zombie (D:4)
  9 rats
114 creatures vanquished.

Vanquished Creatures (others)
  22 plants (D:4)
22 creatures vanquished.

Grand Total: 136 creatures vanquished

Notes
Turn   | Place    | Note
-------+----------+-------------------------------------------
     0 | D:1      | RevDB the Draconian Conjurer began the quest for the Orb.
     0 | D:1      | Reached XP level 1. HP: 14/14 MP: 3/3
    93 | D:1      | Reached XP level 2. HP: 12/20 MP: 0/5
   380 | D:1      | You fall into a shaft and drop 1 floor!
   450 | D:2      | Noticed Natasha
   654 | D:2      | Reached skill level 5 in Conjurations
   665 | D:2      | Killed Natasha
   666 | D:2      | Reached XP level 3. HP: 8/26 MP: 1/6
   669 | D:2      | Learned a level 2 spell: Searing Ray
   953 | D:1      | Found a faded altar of an unknown god.
  1615 | D:2      | Noticed Natasha
  1629 | D:2      | Killed Natasha
  1630 | D:2      | Reached XP level 4. HP: 30/33 MP: 3/7
  2078 | D:3      | Reached skill level 1 in Fighting
  2122 | D:3      | Reached XP level 5. HP: 41/41 MP: 3/8
  2123 | D:3      | Found a broken altar of Ashenzari.
  2871 | D:4      | Noticed a phantom
  2891 | D:4      | Reached XP level 6. HP: 44/52 MP: 3/9
  3281 | D:4      | Found a glowing golden altar of the Shining One.
  3674 | D:4      | Became a worshipper of the Shining One
  4084 | D:5      | Entered Level 5 of the Dungeon
  4361 | D:5      | Reached skill level 1 in Translocations
  4363 | D:5      | Noticed Sigmund
  4368 | D:5      | Killed Sigmund
  4369 | D:5      | Your scales start taking on a rich purple colour.
  4369 | D:5      | Reached XP level 7. HP: 59/59 MP: 3/14
  4394 | D:5      | Reached skill level 1 in Hexes
  4396 | D:5      | HP: 1/59 [poisoned by a gnoll]
  4396 | D:5      | Slain by a gnoll

Illustrated notes

Levels and vault maps discovered:
D:1:      dpeg_arrival_boxorama, layout_basic,
          hellmonk_ecumenical_altar_slurped_away
D:2:      layout_basic, uniq_natasha
D:3:      layout_rooms, nicolae_ashenzari_skybound
D:4:      layout_basic, nicolae_tso_besieged_by_evil, nicolae_grassy_gnolls
D:5:      layout_basic, kennysheep_generic_room_9, uniq_sigmund

Skill      XL: |  1  2  3  4  5  6  7 |
---------------+----------------------+-----
Conjurations   | 5 |  5.9
Fighting       | 2 4 |  4.0
Spellcasting   | 4 |  4.9
Translocations | 3 |  3.3
Hexes          | 1 |  1.1
Dodging        | |  1.7
Stealth        | |  1.7

Action                   |  1- 3 |  4- 6 |  7- 9 || total
-------------------------+-------+-------+-------++-------
Melee: Unarmed           |    23 |       |       ||    23
       Tailslap          |     6 |    10 |     4 ||    20
       Whip              |    23 |    81 |    16 ||   120
 Cast: Magic Dart        |    48 |    96 |       ||   144
       Searing Ray       |     1 |    10 |     1 ||    12
Armor: Skin              |    25 |    27 |     7 ||    59
Dodge: Dodged            |    31 |    51 |    11 ||    93
